 Dungeon Crawl Stone Soup version 0.31.0 (webtiles) character file.

Game seed: 15965628581941993042

107 qw the Shooter (level 4, 0/28 HPs)
             Began as a Gargoyle Hunter on Jan 19, 2024.
             Slain by an orc wizard
             ... wielding a +0 dagger
              (1 damage)
             ... on level 3 of the Dungeon.
             The game lasted 00:00:07 (1564 turns).

qw the Shooter (Gargoyle Hunter)                    Turns: 1564, Time: 00:00:07

Health: 0/28       AC:  8    Str: 15    XL:     4   Next: 85%
Magic:  4/4        EV: 11    Int:  9    God:
Gold:   111        SH:  0    Dex: 15    Spells: 3/3 levels left

rFire   . . .        a - +3 shortbow
rCold   . . .        (shield currently unavailable)
rNeg    + . .        e - +0 ring mail
rPois   inf          (no helmet)
rElec   +            (no cloak)
rCorr   .            (no gloves)
SInv    .            (no boots)
Will    .....        (no amulet)
Stlth   +            (no ring)
HPRegen 0.24/turn    (no ring)
MPRegen 0.09/turn

%: no passive effects
@: no status effects
A: sickness immunity, AC +3, negative energy resistance 1, electricity
resistance, torment resistance 1, petrification resistance
a: no special abilities


You were on level 3 of the Dungeon.
You visited 1 branch of the dungeon, and saw 3 of its levels.

You collected 111 gold pieces.


Innate Abilities, Weirdness & Mutations

You are immune to sickness and miasma.
Your stone body is resilient. (AC +3)
You are immune to poison.
You resist negative energy. (rN+)
You are resistant to electric shocks. (rElec)
You are resistant to unholy torment.
You are immune to petrification.


   Skills:
 - Level 3.1 Fighting
 + Level 5.5 Ranged Weapons
 - Level 1.0 Armour
 - Level 1.5 Dodging
 - Level 1.1 Stealth


You had 3 spell levels left.
You didn't know any spells.
Your spell library was empty.

Inventory:

Hand Weapons
 a - a +3 shortbow (weapon)
Armour
 b - a +0 pair of gloves
 c - a +1 leather armour of fire resistance
 e - a +0 ring mail (worn)
Potions
 k - a potion of enlightenment

Dungeon Overview and Level Annotations

Branches:
Dungeon (3/15)

Altars:
Sif Muna


Message History

You kill the orc!
You hear some strange, mumbled words.
You are confused.
The orc throws a boomerang.
The boomerang hits you.
You shoot an arrow.
You hear a shout!
You hear some strange, mumbled words.
You are more confused.
A goblin comes into view. It is wielding a +0 club.
The goblin shouts!
Something hits you but does no damage. The orc hits you but does no damage.
You hear some strange, mumbled words.
A puff of flame appears from out of thin air!
The puff of flame hits you! The orc hits you but does no damage.
Something hits you. The orc hits you but does no damage.
You hear some strange, mumbled words.
Something tries to affect you, but you resist.
An endoplasm comes into view.
The orc hits you with a +0 short sword. Something hits you.
The orc hits you but does no damage. Something hits you but does no damage.
The orc completely misses you.
A kobold comes into view. It is wielding a +0 mace.
Something hits you but does no damage. The orc hits you but does no damage.
Something hits you but does no damage. The orc hits you but does no damage.
You feel less confused. Something hits you but does no damage.
The orc hits you with a +0 short sword.
You shoot an arrow. The arrow hits the orc!
You kill the orc!
You hear some strange, mumbled words.
A magic dart appears from out of thin air!
The magic dart hits you.
You shoot an arrow. The arrow hits the goblin!
You kill the goblin!
Something hits you.
You shoot an arrow. The arrow hits the endoplasm.
The endoplasm is moderately wounded.
Something hits you. The endoplasm barely misses you.
You shoot an arrow. The arrow hits the endoplasm.
The endoplasm is almost dead.
Something hits you.
You die...

......... ....... #
.....# #.###. #..###
......###....#########
#......))%............
....##.[<%##.........
. ####.##.###........
#{@..##.# #........
#J####..###........ #K
.##.......... ..
.....##......< ...
..### #....... ....
#....... .....
.....[... ......
>.#....### ....#.##


You could see an endoplasm and a kobold.

Vanquished Creatures
  4 adders
  2 dart slugs
  4 orcs (D:3)
  6 bats
  4 endoplasms
  4 giant cockroaches
  2 goblins (D:3)
  7 hobgoblins
  3 jackals (D:1)
  6 kobolds
  4 quokkas
  8 ball pythons
  2 frilled lizards
56 creatures vanquished.

Notes
Turn   | Place    | Note
-------+----------+-------------------------------------------
     0 | D:1      | qw the Gargoyle Hunter began the quest for the Orb.
     0 | D:1      | Reached XP level 1. HP: 12/12 MP: 1/1
     0 | D:1      | 0 ||| qw: Version: 0.3-a-132-g3d54051
     0 | D:1      | 0 ||| qw: Game counter: 252
     0 | D:1      | 0 ||| qw: Melee chars always use a shield: true
     0 | D:1      | 0 ||| qw: God list: Okawaru
     0 | D:1      | 0 ||| qw: Allow faded altars: false
     0 | D:1      | 0 ||| qw: Do Orc after clearing Dungeon:15 true
     0 | D:1      | 0 ||| qw: Do second Lair branch before Depths: true
     0 | D:1      | 0 ||| qw: Lair rune preference: random
     0 | D:1      | 0 ||| qw: Goals: Normal
     0 | D:1      | 0 ||| PLANNING D:1-11
    96 | D:1      | Reached XP level 2. HP: 17/17 MP: 2/2
   551 | D:1      | Reached XP level 3. HP: 21/21 MP: 3/3
   577 | D:1      | Reached skill level 5 in Ranged Weapons
   587 | D:1      | Found a faded altar of an unknown god.
   918 | D:1      | 918 ||| UPGRADING to +0 ring mail.
   928 | D:1      | 928 ||| DROPPING +0 leather armour.
   929 | D:1      | 929 ||| READING scroll labelled POCWU NEDWO.
   930 | D:1      | 930 ||| READING scroll labelled SAPPAL ODOBU.
   930 | D:1      | 930 ||| IDENTIFYING metallic cyan potion
   931 | D:1      | 931 ||| READING 2 scrolls labelled ISIERUP EFIEWU.
   931 | D:1      | 931 ||| ENCHANTING +0 shortbow.
   932 | D:1      | 932 ||| READING scroll of enchant weapon.
   932 | D:1      | 932 ||| ENCHANTING +1 shortbow.
   933 | D:1      | 933 ||| READING scroll labelled LETERH RACUSM.
   934 | D:1      | 934 ||| READING scroll labelled COVISE GON NEYWIAC.
   939 | D:1      | 939 ||| DRINKING 2 fizzy inky potions.
   940 | D:1      | 940 ||| DRINKING 2 bubbling red potions.
   941 | D:1      | 941 ||| DROPPING scroll of butterflies.
   942 | D:1      | 942 ||| DROPPING potion of invisibility.
   943 | D:1      | 943 ||| DROPPING potion of attraction.
  1034 | D:2      | Found a shimmering blue altar of Sif Muna.
  1058 | D:2      | Reached skill level 1 in Armour
  1059 | D:2      | 1059 ||| FLEEEEING.
  1088 | D:2      | 1088 ||| READING scroll of enchant weapon.
  1088 | D:2      | 1088 ||| ENCHANTING +2 shortbow.
  1158 | D:2      | Reached skill level 3 in Fighting
  1158 | D:2      | Reached XP level 4. HP: 28/28 MP: 4/4
  1482 | D:2      | 1482 ||| READING scroll of identify.
  1482 | D:2      | 1482 ||| IDENTIFYING scroll labelled BIKEYR LOELAED
  1483 | D:2      | 1483 ||| READING scroll labelled CYUKUENT ALIYWKAQ.
  1484 | D:2      | 1484 ||| DROPPING scroll of fear.
  1560 | D:3      | HP: 7/28 [orc/+0 short sword (3)]
  1563 | D:3      | HP: 1/28 [something (4)]
  1564 | D:3      | Slain by an orc wizard

Levels and vault maps discovered:
D:1:      ldierk_walled_garden_2, layout_basic,
          shapermc_ecumenical_altar_acropolis
D:2:      layout_rooms, basic_altar, amethyst_killhole, feat_on_display
D:3:      layout_rooms, kennysheep_flooded_box, chequers_serial_rivers_micro_c

Skill      XL: |  1  2  3 |
---------------+----------+-----
Ranged Weapons | 5 |  5.5
Armour         | 1 |  1.0
Fighting       | 3 |  3.1
Dodging        | |  1.5
Stealth        | |  1.1

Action                     |  1- 3 |  4- 6 || total
---------------------------+-------+-------++-------
   Fire: Shortbow          |   120 |    52 ||   172
    Use: Scroll            |     7 |     2 ||     9
         Potion            |     2 |       ||     2
 Armour: Leather armour    |    24 |       ||    24
         Ring mail         |     7 |    33 ||    40
  Dodge: Dodged            |    24 |    22 ||    46

Table legend:
 A = Non-vault XP
 B = Vault XP
 C = Vault XP percentage of total XP
 D = Non-vault monster count
 E = Vault monster count
 F = Vault count percentage of total count
                 A         B        C        D         E       F
            +---------+---------+-------+---------+---------+-------
      Total |     153 |       0 |   0.0 |      56 |       0 |   0.0
            +---------+---------+-------+---------+---------+-------
        D:1 |      51 |       0 |   0.0 |      28 |       0 |   0.0
        D:2 |      69 |       0 |   0.0 |      19 |       0 |   0.0
        D:3 |      33 |       0 |   0.0 |       9 |       0 |   0.0
            +---------+---------+-------+---------+---------+-------
